 Dungeon Crawl Stone Soup version 0.23.2-30-g0e89c35649 (webtiles) character file.

Game seed: 5960626911492596711

48 DildoBatman the Magician (level 4, -6/30 HPs)
             Began as a Formicid Wizard on June 17, 2019.
             Mangled by a gnoll
             ... wielding a +0 spear
              (11 damage)
             ... on level 2 of the Dungeon.
             The game lasted 00:03:16 (921 turns).

DildoBatman the Magician (Formicid Wizard)           Turns: 921, Time: 00:03:17

Health: -6/30      AC:  2    Str: 12    XL:     4   Next: 0%
Magic:  4/8        EV: 12    Int: 18    God:
Gold:   65         SH:  0    Dex:  9    Spells: 2/9 levels left

rFire    . . .     SeeInvis +   c - +0 short sword
rCold    . . .     Gourm    .   (no shield)
rNeg     . . .     Faith    .   a - +0 robe
rPois    .         Spirit   .   (helmet unavailable)
rElec    .         Reflect  .   (no cloak)
rCorr    .         Harm     .   (no gloves)
MR       .....                  (no boots)
Stlth    ++........             (no amulet)
HPRegen  0.10/turn              (no ring)
MPRegen  0.11/turn              (no ring)

@: no status effects
A: permanent stasis, dig shafts and tunnels, four strong arms, antennae 3
a: Dig, Shaft Self


You were on level 2 of the Dungeon.
You were not hungry.

You visited 1 branch of the dungeon, and saw 2 of its levels.

You collected 65 gold pieces.

Inventory:

Hand Weapons
 c - a +0 short sword (weapon)
 i - a +2 whip of electrocution
Missiles
 b - 58 stones (quivered)
 e - 5 steel javelins
 f - 31 sling bullets
Armour
 a - a +0 robe (worn)
Scrolls
 g - 2 scrolls of random uselessness {unknown}
Potions
 h - a potion of flight {unknown}
Comestibles
 d - 4 chunks of flesh
 v - a ration


   Skills:
 - Level 1.7 Dodging
 - Level 2.4 Stealth
 - Level 3.2 Spellcasting
 * Level 3.1 Conjurations
   Level 1.0 Summonings
   Level 0.8 Translocations


You had 2 spell levels left.
You knew the following spells:

 Your Spells              Type           Power        Failure   Level  Hunger
a - Conjure Flame         Conj/Fire      #.......     26%         3    ###....
c - Magic Dart            Conj           ##..         4%          1    None
e - Mephitic Cloud        Conj/Pois/Air  #.......     30%         3    ###....

Your spell library contained the following spells:

 Spells                   Type           Power        Failure   Level  Hunger
 Call Imp                 Summ           #.......     16%         2    ##.....
 Slow                     Hex            #.......     24%         2    ##.....
 Blink                    Tloc           Unusable     N/A         2    N/A

Dungeon Overview and Level Annotations

Branches:
Dungeon (2/15)

Altars:
Gozag
Makhleb
Okawaru
Zin

Annotations:
D:2 exclusions: angel and balrug, Jessica


Innate Abilities, Weirdness & Mutations

You cannot be hasted, slowed, berserked, paralysed or teleported.
You can dig through walls and to a lower floor.
Your four strong arms can wield two-handed weapons with a shield.
You have a pair of large antennae on your head. (SInv)


Message History

You have reached level 4!
You feel stronger.
You hit the gnoll.
The gnoll is severely wounded.
The gnoll completely misses you.
You hit the gnoll.
The gnoll is almost dead.
The gnoll hits you from afar with a +0 spear!
An adder comes into view.
A kobold comes into view.
The gnoll misses you.
You see here a +2 whip of electrocution.
i - a +2 whip of electrocution The gnoll hits you with a +0 spear!
A rat comes into view.
The kobold shouts!
The gnoll hits you from afar with a +0 spear!
There is a stone staircase leading up, spattered with blood here.
The gnoll hits you from afar with a +0 spear!
You die...

#####.# ##...#.# #
#######.###..# .# {
#.........#..#######..
#.#####.#............. #.#
##...........#### # #.#
###S#......<...# # #.##
#..g.####.##$# #######..##
####@....$.....@
..........#
#A###g...###.##.
.......#.########....# #.#
{{ .......#.###._.###...#
#.. .....<.#)..#...#...K.#
#.# ...........+...'.....#
#..
.......#....[........r...
......>#.##.._..##.#....#
.......#.######.##.#...#.#


You could see 2 gnolls, an adder, a kobold and a rat (wandering).

Vanquished Creatures
  2 gnolls
  An adder (D:2)
  A leopard gecko (D:2)
  A giant cockroach (D:1)
  4 goblins (D:1)
  3 hobgoblins (D:1)
  A quokka (D:1)
  4 bats
  2 frilled lizards
  4 kobolds
23 creatures vanquished.

Notes
Turn   | Place    | Note
-------+----------+-------------------------------------------
     0 | D:1      | DildoBatman the Formicid Wizard began the quest for the
                  | Orb.
     0 | D:1      | Reached XP level 1. HP: 13/13 MP: 4/4
    15 | D:1      | Reached skill level 1 in Conjurations
   162 | D:1      | Reached XP level 2. HP: 19/19 MP: 1/6
   501 | D:2      | Reached XP level 3. HP: 16/24 MP: 0/7
   542 | D:1      | HP: 1/24 [quokka (1)]
   630 | D:2      | Noticed Jessica
   637 | D:2      | Learned a level 3 spell: Conjure Flame
   641 | D:2      | Learned a level 3 spell: Mephitic Cloud
   646 | D:2      | Noticed a balrug
   647 | D:2      | Found a burning altar of Makhleb.
   648 | D:2      | Found an iron altar of Okawaru.
   702 | D:2      | Found a glowing silver altar of Zin.
   703 | D:2      | Noticed an angel
   729 | D:2      | Found an opulent altar of Gozag.
   915 | D:2      | Reached XP level 4. HP: 27/30 MP: 3/8
   921 | D:2      | Mangled by a gnoll

Skill      XL: |  1  2  3 |
---------------+----------+-----
Conjurations   | 1 2 3 |  3.1
Dodging        | |  1.7
Stealth        | |  2.4
Spellcasting   | |  3.2
Summonings     | |  1.0
Translocations | |  0.8

Action                   |  1- 3 |  4- 6 || total
-------------------------+-------+-------++-------
Melee: Short sword       |    25 |     2 ||    27
 Cast: Magic Dart        |    53 |       ||    53
       Mephitic Cloud    |     2 |       ||     2
 Stab: Confused          |     2 |       ||     2
Armor: Robe              |     7 |       ||     7
Dodge: Dodged            |    35 |     2 ||    37
